[Event "Titled Tuesday Blitz October 18 Late 2022"]
[White "McCoy, Owen"]
[Black "Ozen, Bahadir"]
[WhiteFideId "30924502"]
[BlackFideId "6337058"]
[WhiteElo "2507"]
[BlackElo "2750"]
[Result "0-1"]
[Round "02"]
[TimeControl "180+1"]
[Date "2022.10.19"]
[WhiteClock "0:00:06"]
[BlackClock "0:00:09"]

1. Nf3 g6 2. c4 Bg7 3. g3 Nf6 4. Bg2 O-O 5. O-O c6 6. d4 d6 7. Nc3 Bf5 8. h3 Ne4 9. Ne1 Nxc3 10. bxc3 Be6 11. Qd3 Qa5 12. Nc2 Qa4 13. Ne3 Na6 14. Bd2 Rab8 15. Rfb1 Rfc8 16. Rb2 b5 17. cxb5 cxb5 18. Rab1 Nc7 19. Kh2 a6 20. d5 Bd7 21. Rb4 Qxa2 22. R1b2 Qa1 23. Rb1 Qa5 24. R1b3 Qb6 25. Rh4 Ne8 26. Ng4 Nf6 27. Nh6+ Kf8 28. g4 Qxf2 29. Bg5 Rc4 30. Rb1 Ne4 31. Rf1 Be5+ 32. Kh1 Ng3+ 33. Qxg3 Qxg3 34. Rxf7+ Ke8 35. Rxe7+ Kd8 36. Rxe5+ Kc7 37. Re3 Qe1+ 38. Kh2 Rxc3 39. Rxc3+ Qxc3 40. Nf7 Rf8 41. Rxh7 Qd4 42. e3 Qc5 43. Bf4 Rxf7 44. Rxf7 b4 45. Be4 b3 46. Bxg6 b2 47. Bf5 Qb5 48. Bb1 Qe2+ 49. Kg3 Qe1+ 50. Kf3 Qxb1 51. Rf6 Qd1+ 52. Kg3 b1=Q 53. Rxd6 Qg1+ 54. Kh4 Kc8 55. Rh6 Qf2+ 56. Kg5 Qxf4+ 57. exf4 a5 58. f5 a4 59. f6 Qc1+ 60. Kg6 Qc2+ 61. Kg7 Qc3 62. Rh8+ Kb7 63. Rd8 Bc8 64. Re8 a3 65. Re7+ Kb8 66. Kg6 Qc2+ 67. Kg7 a2 68. f7 a1=Q+ 69. Kg8 Qg6+ 70. Kf8 Qh8# 0-1


[Site "https://www.chess.com"]

[Event "Titled Tuesday Blitz October 18 Late 2022"]
[White "Medvegyne Balogh, Emese"]
[Black "Carbone, Diego"]
[WhiteFideId "724980"]
[BlackFideId "3002179"]
[WhiteElo "2087"]
[BlackElo "2243"]
[Result "0-1"]
[Round "02"]
[TimeControl "180+1"]
[Date "2022.10.19"]
[WhiteClock "0:01:29"]
[BlackClock "0:01:40"]

1. e4 e5 2. Nf3 Nc6 3. d4 exd4 4. Bc4 Nf6 5. e5 d5 6. Bb5 Ne4 7. Nxd4 Bc5 8. Be3 O-O 9. Bxc6 bxc6 10. Nxc6 Qe8 11. Nd4 Qxe5 12. O-O Bd6 13. g3 Ba6 14. Re1 c5 15. Nf3 Qxb2 16. Nbd2 Nc3 17. Qc1 Ne2+ 18. Rxe2 Qxc1+ 19. Rxc1 Bxe2 0-1


[Site "https://www.chess.com"]

[Event "Titled Tuesday Blitz October 18 Late 2022"]
[White "Melkumyan, Hrant"]
[Black "Pinheiro, Iung Alicio de O."]
[WhiteFideId "13302485"]
[BlackFideId "2104350"]
[WhiteElo "2604"]
[BlackElo "2283"]
[Result "1-0"]
[Round "02"]
[TimeControl "180+1"]
[Date "2022.10.18"]
[WhiteClock "0:01:11"]
[BlackClock "0:00:11"]

1. Nf3 d5 2. e3 c6 3. c4 Nf6 4. Nc3 Nbd7 5. cxd5 cxd5 6. d4 a6 7. Bd3 e6 8. O-O Bd6 9. Bd2 O-O 10. Qb3 b5 11. Rfc1 Rb8 12. Ne2 Bb7 13. Bb4 Nb6 14. Ba5 Nfd7 15. Qd1 Qe7 16. b3 Rbc8 17. h3 Ba3 18. Rxc8 Rxc8 19. Nf4 g6 20. Bf1 Qd6 21. Nd3 f6 22. Nfe1 Qe7 23. Nc2 Bd6 24. Bb4 e5 25. Bxd6 Qxd6 26. b4 Na4 27. Nc5 Ndxc5 28. bxc5 Qe6 29. Qd2 e4 30. Nb4 Ra8 31. Rc1 Bc6 32. Be2 f5 33. Bd1 Kg7 34. Bxa4 bxa4 35. Nxc6 Qxc6 36. Rb1 Kh6 37. Rb6 Qc7 38. Qa5 f4 39. Rxg6+ 1-0


[Site "https://www.chess.com"]

[Event "Titled Tuesday Blitz October 18 Late 2022"]
[White "Mikhailov, Viacheslav"]
[Black "Onslow, Alfie"]
[WhiteFideId "4187369"]
[BlackFideId "436976"]
[WhiteElo "2381"]
[BlackElo "2015"]
[Result "1-0"]
[Round "02"]
[TimeControl "180+1"]
[Date "2022.10.19"]
[WhiteClock "0:01:51"]
[BlackClock "0:00:02"]

1. Nf3 c5 2. g3 Nc6 3. Bg2 e5 4. O-O Nf6 5. c3 Be7 6. d4 cxd4 7. cxd4 e4 8. Ne5 d5 9. Nc3 O-O 10. Bf4 Be6 11. Rc1 Nxe5 12. dxe5 Nh5 13. Be3 Qa5 14. Bd4 g6 15. Qb3 Ng7 16. Qxb7 Nf5 17. e3 Rab8 18. Qxa7 Qxa7 19. Bxa7 Rxb2 20. Rfd1 Rc8 21. Nxd5 Rxc1 22. Nxe7+ Nxe7 23. Rxc1 Rxa2 24. Bd4 Bd5 25. h3 h5 26. Rc7 Nf5 27. Rc8+ Kh7 28. e6 Nxd4 29. e7 Ne2+ 30. Kh2 Bc6 31. Rxc6 Ra8 32. Bxe4 Re8 33. Rc7 1-0


[Site "https://www.chess.com"]

[Event "Titled Tuesday Blitz October 18 Late 2022"]
[White "Mikheeva, Galina"]
[Black "Mickiewicz, Piotr"]
[WhiteFideId "44108320"]
[BlackFideId "1114891"]
[WhiteElo "1959"]
[BlackElo "2246"]
[Result "0-1"]
[Round "02"]
[TimeControl "180+1"]
[Date "2022.10.19"]
[WhiteClock "0:00:01"]
[BlackClock "0:00:19"]

1. e4 c6 2. d4 d5 3. exd5 cxd5 4. c4 Nf6 5. Nc3 e6 6. Nf3 Be7 7. Be2 dxc4 8. Bxc4 O-O 9. O-O Nc6 10. a4 Nb4 11. Bg5 b6 12. Qb3 Bb7 13. Ne2 Rc8 14. Bxf6 gxf6 15. Rad1 Bd5 16. Bxd5 Qxd5 17. Qxd5 Nxd5 18. Rc1 Bd6 19. g3 f5 20. Ne5 f6 21. Nc6 a6 22. Rc2 Rc7 23. Rfc1 Rfc8 24. b4 b5 25. axb5 axb5 26. Nf4 Bxf4 27. gxf4 Kf8 28. Rc5 Ke8 29. Na7 Rxc5 30. bxc5 Rb8 31. Rb1 b4 32. Nc6 Rb5 33. Na7 Rb7 34. Nc6 Kd7 35. Na5 Rb5 36. Nb3 Nxf4 37. Kf1 Nd5 38. Ke1 Rb8 39. Kd2 Ra8 40. Ra1 Rxa1 41. Nxa1 e5 42. Nb3 Kc6 43. Kd3 Kb5 44. dxe5 fxe5 45. Nc1 Kxc5 46. Nb3+ Kb5 47. Nd2 Nf4+ 48. Ke3 Ne6 49. Nf3 e4 50. Nd2 Kc5 51. f3 exf3 0-1


[Site "https://www.chess.com"]

[Event "Titled Tuesday Blitz October 18 Late 2022"]
[White "Mohammadian, Mohammad"]
[Black "D`Arruda, Ricardo D."]
[WhiteFideId "12566055"]
[BlackFideId "100692"]
[WhiteElo "1489"]
[BlackElo "2401"]
[Result "0-1"]
[Round "02"]
[TimeControl "180+1"]
[Date "2022.10.19"]
[WhiteClock "0:01:02"]
[BlackClock "0:02:32"]

1. e4 c5 2. Nf3 Nc6 3. d4 cxd4 4. Nxd4 e5 5. Nb5 a6 6. Nd6+ Bxd6 7. Qxd6 Qe7 8. Qxe7+ Ngxe7 9. Nc3 Nb4 10. Bd3 d5 11. exd5 Bf5 12. Bxf5 Nxf5 13. Kd2 O-O-O 14. a3 Nxd5 15. Nxd5 Rxd5+ 16. Ke1 Nd4 17. c3 Nc2+ 18. Ke2 Nxa1 19. Be3 Nb3 20. Re1 Rhd8 21. f3 f6 22. h4 b5 23. g4 Kb7 24. h5 h6 25. Rf1 Na5 26. b4 Nc4 27. Bc1 Rd3 28. Kf2 Rd1 29. Rxd1 Rxd1 30. Be3 Nxe3 31. Kxe3 Ra1 32. Ke4 Rxa3 33. Kf5 Rxc3 34. Kg6 Rxf3 35. Kxg7 e4 36. Kxh6 e3 37. Kg6 e2 38. h6 e1=Q 39. h7 Qe8+ 40. Kg7 Rh3 41. Kxf6 Rxh7 0-1


[Site "https://www.chess.com"]

[Event "Titled Tuesday Blitz October 18 Late 2022"]
[White "Naroditsky, Daniel"]
[Black "Fernandez De La Vara, Arnaldo"]
[WhiteFideId "2026961"]
[BlackFideId "3518388"]
[WhiteElo "2628"]
[BlackElo "2387"]
[Result "1-0"]
[Round "02"]
[TimeControl "180+1"]
[Date "2022.10.18"]
[WhiteClock "0:00:08"]
[BlackClock "0:00:02"]

1. e4 c5 2. Nf3 e6 3. c3 d5 4. exd5 Qxd5 5. d4 Nc6 6. Be3 Nf6 7. Nbd2 cxd4 8. Nxd4 Bc5 9. N2f3 Ng4 10. Nxc6 Nxe3 11. Qxd5 Nc2+ 12. Kd2 exd5 13. Kxc2 bxc6 14. Re1+ Be6 15. Nd4 Kd7 16. Bd3 a5 17. Re2 Bxd4 18. cxd4 Rhb8 19. Kc3 Kd6 20. Rc1 Rb4 21. Rec2 Bd7 22. h4 g6 23. g3 Rab8 24. b3 a4 25. Rb1 Be6 26. Rcb2 c5 27. dxc5+ Kxc5 28. Kd2 axb3 29. axb3 d4 30. Bc2 h5 31. Bd1 Kd6 32. Bc2 Bc4 33. Ra1 Bd5 34. Ra6+ R8b6 35. Rxb6+ Rxb6 36. b4 Bc4 37. Be4 f5 38. Bf3 Ra6 39. Rc2 Bd5 40. Be2 Rb6 41. b5 Be4 42. Rc8 d3 43. Bxd3 Bxd3 44. Kxd3 Rxb5 45. Rg8 Rb3+ 46. Ke2 Ke5 47. Rxg6 Rb2+ 48. Kf3 Rb3+ 49. Kg2 f4 50. Rg5+ Ke4 51. gxf4 Kxf4 52. Rxh5 Kg4 53. Rh8 Rb5 54. f3+ Kf4 55. Rf8+ Ke3 56. Kg3 Rb7 57. h5 Rg7+ 58. Kh4 Kf2 59. h6 Rg1 60. Kh5 Ke3 61. h7 Rh1+ 62. Kg6 Rg1+ 63. Kf6 Rh1 64. h8=Q Rxh8 65. Rxh8 Kxf3 66. Kf5 1-0


[Site "https://www.chess.com"]

[Event "Titled Tuesday Blitz October 18 Late 2022"]
[White "Ozalp, Burak"]
[Black "Mladek, Richard"]
[WhiteFideId "6314210"]
[BlackFideId "386588"]
[WhiteElo "2106"]
[BlackElo "2271"]
[Result "1-0"]
[Round "02"]
[TimeControl "180+1"]
[Date "2022.10.19"]
[WhiteClock "0:01:13"]
[BlackClock "0:01:20"]

1. e4 f5 2. d4 fxe4 3. f3 exf3 4. Nxf3 Nf6 5. Bd3 d5 6. O-O Bg4 7. Nbd2 c5 8. c3 Nc6 9. Qe1 cxd4 10. cxd4 Qb6 11. Kh1 O-O-O 12. Ne5 Nxe5 13. dxe5 Nd7 14. Qg3 Bh5 15. Nb3 e6 16. Be3 Qb4 17. Bxa7 b6 18. Ba6+ Kc7 19. Rac1+ Bc5 20. Qxg7 Rhg8 21. Qe7 Qe4 22. Qd6# 1-0


[Site "https://www.chess.com"]

[Event "Titled Tuesday Blitz October 18 Late 2022"]
[White "Ozen, Batuhan"]
[Black "Yuan, Qingyu"]
[WhiteFideId "6345123"]
[BlackFideId "8609772"]
[WhiteElo "2412"]
[BlackElo "2735"]
[Result "0-1"]
[Round "02"]
[TimeControl "180+1"]
[Date "2022.10.19"]
[WhiteClock "0:00:04"]
[BlackClock "0:00:01"]

1. d4 d5 2. Nc3 Nf6 3. Bg5 h6 4. Bh4 c5 5. e3 cxd4 6. exd4 Bf5 7. Nf3 e6 8. a3 Be7 9. Bd3 Bxd3 10. Qxd3 O-O 11. O-O Nc6 12. Ne5 Nxe5 13. dxe5 Nd7 14. Bxe7 Qxe7 15. f4 Rac8 16. Rae1 Qc5+ 17. Kh1 f5 18. exf6 Rxf6 19. f5 Rxf5 20. Rxf5 exf5 21. Nxd5 Kh8 22. Qxf5 Nf6 23. c4 Nxd5 24. cxd5 Rf8 25. Qe4 Rd8 26. Rd1 Qb6 27. b4 Qa6 28. Qe7 Rd6 29. Qe8+ Kh7 30. Qe4+ Kh8 31. Rc1 Rd8 32. h3 Qd6 33. Rd1 a6 34. Rf1 Qd7 35. Rf5 Re8 36. Re5 Rf8 37. Kh2 Qd6 38. Kg1 Qb6+ 39. Qe3 Qc7 40. Qd4 Qc1+ 41. Kh2 Qc7 42. d6 Qd8 43. Re6 Qd7 44. Rxh6+ Kg8 45. Rg6 Qf7 46. Rg3 Rd8 47. Qe5 Qd7 48. Qd5+ Kh8 49. Rg6 Qe8 50. Qd3 Rd7 51. Rg3 Qe5 0-1


[Site "https://www.chess.com"]

[Event "Titled Tuesday Blitz October 18 Late 2022"]
[White "Ozer, Omer Faruk"]
[Black "Kamsky, Gata"]
[WhiteFideId "6354564"]
[BlackFideId "2000024"]
[WhiteElo "2260"]
[BlackElo "2666"]
[Result "0-1"]
[Round "02"]
[TimeControl "180+1"]
[Date "2022.10.18"]
[WhiteClock "0:00:12"]
[BlackClock "0:01:40"]

1. e4 c5 2. Nf3 e6 3. d4 cxd4 4. Nxd4 a6 5. Nc3 b5 6. Bd3 Qb6 7. Nf3 Qc7 8. O-O Nc6 9. Re1 Bc5 10. e5 f5 11. a4 b4 12. Ne2 Nge7 13. Nf4 O-O 14. b3 Bb7 15. Bb2 Nd8 16. h4 Nf7 17. Ng5 Nd5 18. Nxd5 Bxd5 19. Nh3 Bb7 20. Qh5 g6 21. Qe2 Qd8 22. h5 Qh4 23. Bc1 Bd4 24. Bf4 g5 25. Bd2 g4 26. Nf4 g3 27. Be3 Qh2+ 0-1


[Site "https://www.chess.com"]

[Event "Titled Tuesday Blitz October 18 Late 2022"]
[White "Pakleza, Zbigniew"]
[Black "Msellek, Ilyass"]
[WhiteFideId "1119290"]
[BlackFideId "675938"]
[WhiteElo "2411"]
[BlackElo "2303"]
[Result "1-0"]
[Round "02"]
[TimeControl "180+1"]
[Date "2022.10.18"]
[WhiteClock "0:00:07"]
[BlackClock "0:00:25"]

1. d4 c6 2. c4 d5 3. cxd5 cxd5 4. Nc3 Nc6 5. Nf3 Nf6 6. Bf4 Nh5 7. Be5 f6 8. Bg3 e6 9. e3 g6 10. Bd3 Kf7 11. Rc1 a6 12. a3 Nxg3 13. hxg3 Bd6 14. g4 Bd7 15. Ke2 b5 16. b4 e5 17. Nxd5 Nxd4+ 18. exd4 e4 19. Bxe4 Qe8 20. Nc3 Rc8 21. Qb3+ Be6 22. Nd5 Rxc1 23. Rxc1 Kg7 24. Kf1 h5 25. g5 fxg5 26. Nxg5 Rf8 27. Nxe6+ Qxe6 28. Qd3 h4 29. Kg1 h3 30. gxh3 Bb8 31. Bg2 Qd6 32. Qg3 Qe6 33. Qg4 Qd6 34. f4 Ba7 35. Rc7+ Rf7 36. Rxf7+ Kxf7 37. f5 Qe5 38. fxg6+ Kg7 39. Qd7+ Kxg6 40. Qxa7 Qe1+ 41. Kh2 Qe6 42. Nf4+ 1-0


[Site "https://www.chess.com"]

[Event "Titled Tuesday Blitz October 18 Late 2022"]
[White "Pap, Gyula"]
[Black "Noboa Silva, Kevin"]
[WhiteFideId "725323"]
[BlackFideId "3618471"]
[WhiteElo "2519"]
[BlackElo "2178"]
[Result "1-0"]
[Round "02"]
[TimeControl "180+1"]
[Date "2022.10.18"]
[WhiteClock "0:00:34"]
[BlackClock "0:00:05"]

1. g3 Nf6 2. Bg2 e5 3. c4 c6 4. d4 e4 5. d5 Bb4+ 6. Bd2 Qe7 7. a3 Bxd2+ 8. Qxd2 cxd5 9. cxd5 d6 10. Nc3 O-O 11. Nh3 Bf5 12. O-O Nbd7 13. Nf4 Rac8 14. f3 e3 15. Qd4 Nc5 16. Rad1 Bc2 17. Rde1 a5 18. Bh3 Nb3 19. Qb6 Rcd8 20. Bf5 Bxf5 21. Qxb3 Rfe8 22. Qa4 Qc7 23. Rc1 Qb6 24. Qb5 Qa7 25. Rfd1 g5 26. Ng2 Nd7 27. Na4 Rc8 28. Rc3 Rxc3 29. Nxc3 Qa8 30. g4 Bc2 31. Rc1 Ne5 32. Rxc2 Nxf3+ 33. exf3 Re5 34. Ne4 Qa7 35. Re2 Kg7 36. Nxe3 Qd4 37. Kg2 Kg6 38. Nf5 Qxd5 39. Ne7+ Rxe7 40. Qxd5 1-0


[Site "https://www.chess.com"]

[Event "Titled Tuesday Blitz October 18 Late 2022"]
[White "Pasti, Aron"]
[Black "Romero Ruscalleda, Josep"]
[WhiteFideId "785857"]
[BlackFideId "2231859"]
[WhiteElo "2250"]
[BlackElo "2297"]
[Result "0-1"]
[Round "02"]
[TimeControl "180+1"]
[Date "2022.10.19"]
[WhiteClock "0:00:03"]
[BlackClock "0:00:06"]

1. e4 g6 2. d4 Bg7 3. f4 d6 4. Nf3 a6 5. Nc3 b5 6. a4 b4 7. Nd5 Bb7 8. Bc4 Nf6 9. Nxf6+ Bxf6 10. e5 Bg7 11. c3 c5 12. dxc5 bxc3 13. Bxf7+ Kxf7 14. Qb3+ Ke8 15. Qxb7 Nd7 16. cxd6 Rb8 17. Qd5 cxb2 18. Bxb2 Rxb2 19. O-O Rf8 20. Ng5 Qb6+ 21. Kh1 Qc5 22. Qa8+ Rb8 23. Qxa6 exd6 24. Ne6 Qb6 25. Nxg7+ Kf7 26. e6+ Kxg7 27. Qd3 Nf6 28. a5 Qb5 29. Qxd6 Rfe8 30. a6 Qb6 31. Qxb6 Rxb6 32. a7 Ra8 33. Rfe1 Kf8 34. e7+ Ke8 35. h3 Rb7 36. Ra6 Nd5 37. f5 gxf5 38. Rh6 Rxe7 39. Rd1 Ne3 40. Rc1 Rexa7 41. Re6+ Re7 42. Rh6 Kf8 43. Rf6+ Rf7 44. Rd6 Kg7 45. Rdc6 Rd8 46. R6c3 Nd5 47. Rd3 Rfd7 48. Rf1 Kg6 49. Rg3+ Kf6 50. Rgf3 Ne7 51. g4 Rd5 52. Rf4 Kg5 53. gxf5 Rxf5 54. Rg4+ Kf6 55. Ra1 Rd2 56. Rh4 Kg7 57. Rg4+ Ng6 58. Rh4 Nxh4 0-1


[Site "https://www.chess.com"]

[Event "Titled Tuesday Blitz October 18 Late 2022"]
[White "Pavlidou, Ekaterini"]
[Black "Guzman Moneo, Alberto"]
[WhiteFideId "4213262"]
[BlackFideId "2209616"]
[WhiteElo "2125"]
[BlackElo "2157"]
[Result "0-1"]
[Round "02"]
[TimeControl "180+1"]
[Date "2022.10.19"]
[WhiteClock "0:01:22"]
[BlackClock "0:01:05"]

1. d4 Nf6 2. c4 c5 3. d5 b5 4. cxb5 a6 5. Nc3 g6 6. e4 d6 7. h3 Bg7 8. f4 O-O 9. Nf3 e6 10. dxe6 Bxe6 11. bxa6 Nxa6 12. Bc4 Bxc4 13. b3 Be6 14. Bb2 Nxe4 15. Qc2 Nxc3 16. Bxc3 Nb4 17. Qd2 Bxc3 18. Qxc3 Nd5 19. Qd2 Qf6 20. O-O Qxf4 21. Qb2 Rab8 22. Kh1 Qg3 23. Ng1 Qe5 24. Qd2 Qd4 25. Qh6 Qg7 26. Qd2 Qd4 27. Qh6 Ne3 28. Nf3 Nf5 29. Qg5 h6 30. Qc1 Ng3+ 31. Kh2 Nxf1+ 32. Qxf1 Qf6 33. Rd1 d5 34. Qd3 d4 35. Qd2 g5 36. Rf1 Qf4+ 0-1


[Site "https://www.chess.com"]

[Event "Titled Tuesday Blitz October 18 Late 2022"]
[White "Petrova, Irina"]
[Black "Dardha, Daniel"]
[WhiteFideId "14124122"]
[BlackFideId "240990"]
[WhiteElo "2023"]
[BlackElo "2528"]
[Result "0-1"]
[Round "02"]
[TimeControl "180+1"]
[Date "2022.10.19"]
[WhiteClock "0:00:20"]
[BlackClock "0:02:08"]

1. e4 e5 2. Nf3 Nc6 3. Bb5 Nf6 4. d3 d6 5. O-O a6 6. Ba4 g6 7. c4 Bg7 8. Nc3 O-O 9. Nd5 Nd7 10. b4 Nd4 11. Nxd4 exd4 12. Bb3 c6 13. Nf4 a5 14. b5 Nc5 15. Ba4 Bd7 16. Ne2 Nxa4 17. Qxa4 c5 18. Bf4 Qe7 19. Bg3 f5 20. f3 g5 21. Rae1 f4 22. Bf2 Be5 23. g4 h5 24. h3 hxg4 25. hxg4 Bxg4 26. fxg4 Qe6 27. Qd1 Qxg4+ 28. Kh2 f3+ 29. Ng3 Qh4+ 30. Kg1 Bxg3 0-1


[Site "https://www.chess.com"]

[Event "Titled Tuesday Blitz October 18 Late 2022"]
[White "Pham, Khoi"]
[Black "Aqib Javaid Butt"]
[WhiteFideId "1054988"]
[BlackFideId "7801262"]
[WhiteElo "2453"]
[BlackElo "1659"]
[Result "1-0"]
[Round "02"]
[TimeControl "180+1"]
[Date "2022.10.19"]
[WhiteClock "0:00:53"]
[BlackClock "0:01:26"]

1. d4 d5 2. c4 c6 3. Nc3 Nf6 4. cxd5 cxd5 5. Bf4 Nc6 6. e3 e6 7. Bd3 Bd6 8. Bg3 O-O 9. Nge2 a6 10. O-O Bxg3 11. Nxg3 b5 12. a4 b4 13. Nce2 a5 14. Rc1 Qd7 15. Bb5 Bb7 16. Nf4 Rfc8 17. Nd3 Qd6 18. Nc5 Nd8 19. Qd3 Bc6 20. Rc2 Bxb5 21. Qxb5 Rcb8 22. Qd3 Nb7 23. Nb3 Nd7 24. Rfc1 Qe7 25. Rc7 Nd6 26. e4 Nc4 27. exd5 exd5 28. Qf5 Rd8 29. Qxd5 Nxb2 30. Nf5 Qg5 31. Re1 Nd3 32. Ne7+ Kh8 33. Qxg5 1-0


[Site "https://www.chess.com"]

[Event "Titled Tuesday Blitz October 18 Late 2022"]
[White "Plotnikov, Pavel"]
[Black "Galchenko, Matvey"]
[WhiteFideId "4170342"]
[BlackFideId "24175480"]
[WhiteElo "2298"]
[BlackElo "2423"]
[Result "0-1"]
[Round "02"]
[TimeControl "180+1"]
[Date "2022.10.18"]
[WhiteClock "0:00:26"]
[BlackClock "0:02:00"]

1. e4 e6 2. d4 d5 3. e5 c5 4. c3 Qb6 5. Nf3 Nc6 6. a3 Nh6 7. Bd3 cxd4 8. cxd4 g5 9. h3 Nf5 10. Bxf5 exf5 11. Nc3 Be6 12. Bxg5 Qxb2 13. Na4 Qb5 14. Rb1 Qa5+ 15. Bd2 Qa6 16. Bb4 Nxb4 17. axb4 b6 18. b5 Qa5+ 19. Kf1 Rg8 20. g3 f4 21. g4 h5 22. g5 Bf5 23. Rb2 Be4 24. Ke2 Ba3 25. Qc1 Rg6 26. Nc3 Rc8 27. Rb3 Bxc1 0-1


[Site "https://www.chess.com"]

[Event "Titled Tuesday Blitz October 18 Late 2022"]
[White "Popov, Mikhail"]
[Black "Licznerski, Lukasz"]
[WhiteFideId "4146182"]
[BlackFideId "1179250"]
[WhiteElo "2296"]
[BlackElo "2403"]
[Result "0-1"]
[Round "02"]
[TimeControl "180+1"]
[Date "2022.10.19"]
[WhiteClock "0:00:01"]
[BlackClock "0:00:05"]

1. e4 c6 2. d4 d5 3. e5 Bf5 4. h4 h5 5. Bd3 Bxd3 6. Qxd3 Qa5+ 7. Nd2 e6 8. Ne2 Ne7 9. Ng3 c5 10. dxc5 Nd7 11. Qe3 Nc6 12. O-O Qxc5 13. Qg5 g6 14. Nb3 Qc4 15. Qe3 Qxh4 16. f4 Qg4 17. Nh1 h4 18. Nf2 Qf5 19. c3 Bh6 20. Qf3 Bg7 21. Nh3 Nb6 22. Be3 Nc4 23. Bd4 Nxb2 24. Rab1 Nc4 25. Rf2 b6 26. Rbf1 Bf8 27. Nd2 Nxd2 28. Rxd2 Na5 29. Rdf2 Nc4 30. Qd1 a6 31. Qb3 Be7 32. a4 Kf8 33. Bxb6 Rb8 34. a5 Nxa5 35. Qa4 Nc4 36. Bd4 a5 37. Qd1 Kg7 38. Ng5 Ra8 39. Ra2 a4 40. Qe2 a3 41. Qf2 Bxg5 42. fxg5 Qxf2+ 0-1


[Site "https://www.chess.com"]

[Event "Titled Tuesday Blitz October 18 Late 2022"]
[White "Pranav, V"]
[Black "Machidon, Cristi"]
[WhiteFideId "25060783"]
[BlackFideId "13904590"]
[WhiteElo "2430"]
[BlackElo "2312"]
[Result "1-0"]
[Round "02"]
[TimeControl "180+1"]
[Date "2022.10.18"]
[WhiteClock "0:01:25"]
[BlackClock "0:00:26"]

1. Nf3 d5 2. g3 Nf6 3. Bg2 g6 4. O-O Bg7 5. d3 O-O 6. Nbd2 Nc6 7. e4 e5 8. exd5 Nxd5 9. Re1 h6 10. a4 Re8 11. Nc4 a5 12. Nfd2 Ndb4 13. Nb3 Be6 14. Bd2 Bd5 15. Bf1 b6 16. c3 Bxc4 17. dxc4 Nd3 18. Re3 e4 19. Qc2 Nce5 20. Bg2 f5 21. Nd4 Nxc4 22. Rxd3 exd3 23. Qb3 Kh7 24. Qxc4 Rc8 25. Ne6 Qe7 26. Nxg7 Kxg7 27. Be3 c5 28. Rd1 Rcd8 29. Rxd3 Rxd3 30. Qxd3 Rd8 31. Qe2 Qd7 32. Bf1 Qxa4 33. Bxc5 Re8 34. Bd4+ Kh7 35. Qa6 Qc6 1-0


[Site "https://www.chess.com"]

[Event "Titled Tuesday Blitz October 18 Late 2022"]
[White "Prydun, Andriy"]
[Black "Melikyan, Gnel"]
[WhiteFideId "14145898"]
[BlackFideId "54109990"]
[WhiteElo "2163"]
[BlackElo "2138"]
[Result "1-0"]
[Round "02"]
[TimeControl "180+1"]
[Date "2022.10.19"]
[WhiteClock "0:00:14"]
[BlackClock "0:00:24"]

1. e4 c5 2. Nf3 Nc6 3. Bb5 e6 4. O-O Nge7 5. Re1 a6 6. Bf1 d5 7. b3 b5 8. Bb2 dxe4 9. Rxe4 Bb7 10. Rg4 Nf5 11. a4 h5 12. Rg5 Nfd4 13. axb5 axb5 14. Rxa8 Bxa8 15. Nxd4 Nxd4 16. Rxh5 Nf3+ 17. Qxf3 Bxf3 18. Bxb5+ Ke7 19. Rxh8 Qa5 20. Nc3 Bb7 21. Rh4 g6 22. Ra4 Qb6 23. Ba3 Bg7 24. d4 Qc7 25. Bxc5+ Kf6 26. Ra7 Qb8 27. Bf1 Bf8 28. Rxb7 Qxb7 29. Bxf8 Qc8 30. Bc5 e5 31. b4 Qf5 32. Nd5+ Ke6 33. Ne3 Qe4 34. dxe5 Kxe5 35. b5 f5 36. g3 g5 37. Bd3 Qa4 38. Nxf5 Qa1+ 39. Kg2 Kd5 40. Be3 g4 41. Nd4 Qd1 42. Ne2 Ke5 43. b6 Qb1 44. Nf4 Qb4 45. Be2 Qe4+ 46. Kg1 Qxc2 47. Bxg4 Ke4 48. Kg2 Qc6 49. Bf3+ Ke5 50. Bxc6 Kf5 51. Bf3 Kg5 52. b7 Kf5 53. b8=Q Kg5 54. Qb4 Kh6 55. Ne2+ Kh7 56. Bd2 Kh8 57. Qb7 Kg8 58. Bd5+ Kf8 59. Bb4+ Ke8 60. Bc6+ Kd8 61. Qd7# 1-0


[Site "https://www.chess.com"]

[Event "Titled Tuesday Blitz October 18 Late 2022"]
[White "Przybylski, Wojciech"]
[Black "Garrido, Denis"]
[WhiteFideId "1117599"]
[BlackFideId "601217"]
[WhiteElo "2221"]
[BlackElo "2223"]
[Result "1-0"]
[Round "02"]
[TimeControl "180+1"]
[Date "2022.10.19"]
[WhiteClock "0:00:43"]
[BlackClock "0:00:13"]

1. e4 c6 2. d4 d5 3. Nc3 dxe4 4. Nxe4 Bf5 5. Ng3 Bg6 6. h4 h6 7. N1e2 e6 8. Nf4 Bh7 9. Bc4 Bd6 10. Ngh5 Bxf4 11. Bxf4 Nf6 12. Nxg7+ Kf8 13. Bxh6 Kg8 14. Nxe6 Qe7 15. Qe2 Bf5 16. Bg7 fxe6 17. Bxh8 Kxh8 18. O-O-O Nbd7 19. f3 Nb6 20. Bd3 Re8 21. g4 Bxd3 22. Rxd3 Nbd5 23. Qe5 Qg7 24. a3 Nd7 25. Qd6 N7b6 26. b3 1-0


[Site "https://www.chess.com"]

[Event "Titled Tuesday Blitz October 18 Late 2022"]
[White "Quispe Santacruz, Javier"]
[Black "Can, Melih Kaan"]
[WhiteFideId "3800920"]
[BlackFideId "6317383"]
[WhiteElo "1930"]
[BlackElo "2029"]
[Result "0-1"]
[Round "02"]
[TimeControl "180+1"]
[Date "2022.10.19"]
[WhiteClock "0:00:09"]
[BlackClock "0:00:29"]

1. e4 e5 2. Nf3 Nc6 3. Bc4 Nf6 4. d3 Bc5 5. c3 d6 6. O-O a6 7. Nbd2 Ba7 8. Bb3 h6 9. Re1 Be6 10. Nf1 Qd7 11. d4 exd4 12. Nxd4 Bxb3 13. axb3 O-O 14. Nf5 Rfe8 15. Qf3 Ne5 16. Nxh6+ gxh6 17. Qxf6 Ng4 18. Qf3 Bxf2+ 19. Kh1 Bxe1 20. h3 Ne5 21. Qh5 Qe6 22. Bxh6 Bf2 23. Bd2 Qg6 24. Qe2 Bb6 25. Ne3 Bxe3 26. Bxe3 Qxe4 27. Rf1 Ng6 28. Rf3 Qh4 29. Qd3 Ne5 30. Qf5 Nxf3 31. gxf3 Rxe3 0-1


[Site "https://www.chess.com"]

[Event "Titled Tuesday Blitz October 18 Late 2022"]
[White "Rangel, Daniel"]
[Black "Bilych, Olexiy"]
[WhiteFideId "2124475"]
[BlackFideId "14156504"]
[WhiteElo "2225"]
[BlackElo "2320"]
[Result "0-1"]
[Round "02"]
[TimeControl "180+1"]
[Date "2022.10.19"]
[WhiteClock "0:00:03"]
[BlackClock "0:00:16"]

1. c4 e5 2. g3 Nf6 3. Bg2 d5 4. cxd5 Nxd5 5. Nf3 Nc6 6. O-O Be7 7. b3 O-O 8. Bb2 Bf6 9. d4 e4 10. Ne5 e3 11. f4 Bf5 12. Nc3 Ndb4 13. Nxc6 Nxc6 14. Nd5 Re8 15. Nxf6+ Qxf6 16. d5 Qxb2 17. dxc6 b6 18. Re1 Rad8 19. Qc1 Qd2 20. h3 h5 21. Bf3 g6 22. h4 Bg4 23. Bxg4 hxg4 24. Qc4 Rd4 25. Qc1 Re6 26. Kf1 Qa5 27. Qb2 Qd5 28. Kg1 Rxc6 29. Rac1 Rd2 30. Qe5 Qxe5 31. fxe5 Rxc1 32. Rxc1 c5 33. a4 Rxe2 34. Rc3 Kf8 35. Kf1 Rf2+ 36. Kg1 Rf3 37. Kg2 Ke7 38. Rc4 Ke6 39. Rxg4 Rf2+ 40. Kg1 Kxe5 41. Rg5+ Ke4 42. h5 Rf5 43. Rxf5 gxf5 44. h6 Kd3 45. h7 e2 46. h8=Q e1=Q+ 47. Kg2 Qe4+ 48. Kg1 Qd4+ 49. Qxd4+ cxd4 0-1


[Site "https://www.chess.com"]

[Event "Titled Tuesday Blitz October 18 Late 2022"]
[White "Rastbod, Ali"]
[Black "Bortnyk, Mykola"]
[WhiteFideId "12567477"]
[BlackFideId "14120836"]
[WhiteElo "2248"]
[BlackElo "2582"]
[Result "0-1"]
[Round "02"]
[TimeControl "180+1"]
[Date "2022.10.18"]
[WhiteClock "0:01:48"]
[BlackClock "0:02:16"]

1. c4 e5 2. Nc3 Nf6 3. Nf3 Nc6 4. e3 Bb4 5. Qc2 O-O 6. Nd5 Be7 7. Bd3 h6 8. a3 d6 9. b4 Be6 10. Nxf6+ Bxf6 11. Bh7+ Kh8 12. Bf5 e4 13. Bxe4 Bxa1 14. d4 d5 15. cxd5 Bxd5 16. O-O Re8 17. Bd3 Bxf3 18. gxf3 Bxd4 0-1


[Site "https://www.chess.com"]